 Dungeon Crawl Stone Soup version 0.19.1 (webtiles) character file.

30 Chaoticas the Firebug (level 3, 0/26 HPs)
             Began as a Draconian Fire Elementalist on Dec 9, 2016.
             Slain by an adder (2 damage)
             ... on level 1 of the Dungeon.
             The game lasted 00:07:06 (1204 turns).

Chaoticas the Firebug (Draconian Fire Elementalist) Turns: 1204, Time: 00:07:07

Health: 0/26       AC:  5    Str: 10    XL:     3   Next: 5%
Magic:  1/6        EV: 12    Int: 16    God:
Gold:   45         SH:  0    Dex: 11    Spells: 2 memorised, 3 levels left

rFire  . . .     SeeInvis .     d - -1 club (curse)
rCold  . . .     Gourm    .     (armour unavailable)
rNeg   . . .     Faith    .     (no shield)
rPois  .         Spirit   .     (helmet restricted)
rElec  .         Reflect  .     (no cloak)
rCorr  .         Harm     .     (no gloves)
MR     .....                    (no boots)
Stlth  ++........               (no amulet)
                                (no ring)
                                (no ring)

@: lethally poisoned (0 -> -7)
A: unfitting armour, cold-blooded, AC +5
a: no special abilities


You were on level 1 of the Dungeon.
You were not hungry.

You visited 1 branch of the dungeon, and saw 2 of its levels.

You collected 45 gold pieces.

Inventory:

Hand Weapons
 c - a +0 hunting sling of freezing
 d - a cursed -1 club (weapon)
 e - a +0 spear
 j - a +0 dagger of venom
 k - a +2 spear of venom
Scrolls
 f - 2 scrolls of identify {unknown}
Potions
 g - a potion of cure mutation {unknown}
Books
 a - a book of Flames

   Spells                             Type                      Level
   a - Flame Tongue                   Conjuration/Fire             1
   b - Throw Flame                    Conjuration/Fire             2
   c - Conjure Flame                  Conjuration/Fire             3
   d - Inner Flame                    Hexes/Fire                   3
   e - Sticky Flame                   Conjuration/Fire             4
   f - Fireball                       Conjuration/Fire             5
Comestibles
 h - a meat ration
 i - 4 fruits


   Skills:
 - Level 1.7 Dodging
 - Level 1.7 Stealth
 * Level 2.3 Spellcasting
 * Level 1.4 Conjurations
 * Level 3.7 Fire Magic


You had 3 spell levels left.
You knew the following spells:

 Your Spells              Type           Power        Failure   Level  Hunger
a - Flame Tongue          Conj/Fire      ##...        10%         1    #......
b - Throw Flame           Conj/Fire      ##....       12%         2    ###....


Dungeon Overview and Level Annotations

Branches:
Dungeon (2/15)

Altars:

Annotations:
D:2 Ijyb


Innate Abilities, Weirdness & Mutations

Your plain brown scales are hard. (AC +5)
You cannot fit into any form of body armour.
You are cold-blooded and may be slowed by cold attacks.


Message History

You feel sick.
There is a stone staircase leading down here.
Casting: Throw Flame
Confirm with . or Enter, or press ? or * to list all spells.
Aiming: Throw Flame
Press: ? - help, Shift-Dir - straight line, f - adder
Aim: an adder The puff of flame hits the adder.
The adder is moderately wounded.
* * * LOW HITPOINT WARNING * * *
You feel sick. The adder closely misses you. The adder misses you. x2
The adder barely misses you.
You miss the adder.
The adder is moderately wounded.
The adder bites you but does no damage. The adder closely misses you.
You barely miss the adder.
The adder is moderately wounded.
* * * LOW HITPOINT WARNING * * *
You feel sick. The adder bites you.
You die...

.###.##.....##.##.#
#.#.###.#.#.##.##.# ##.##
#......#.##.# ###
#.#.#..#.#.################
##......#.#.#≈≈≈≈≈≈≈≈≈≈≈≈≈≈≈
#...........#≈≈≈≈≈.....≈≈≈≈≈
#.#...#.#...#≈≈....≈≈≈....≈≈
######.#####.#..S#≈...≈≈≈.≈≈≈...≈
.....#.# ##.#.#@#≈..≈≈..<.≈≈≈...
####.#.####....#S#≈...≈≈≈.≈≈≈...≈
#.............#≈≈....≈≈≈....≈≈
###.##.#....#.#≈≈≈≈≈.....≈≈≈≈≈
### #.#.(.....###≈≈≈≈≈≈≈≈≈≈≈≈≈≈≈
..# #......#..# ################
#.# #.....###.# #........... ..#
##.....#..# #...######## ..#
##......## ##.##


You could see 2 adders.

Vanquished Creatures
  A dart slug (D:1)
  2 leopard geckos (D:1)
  6 bats
  3 goblins
  6 hobgoblins (D:1)
  A frilled lizard (D:1)
  2 kobolds (D:1)
  3 rats (D:1)
24 creatures vanquished.

Notes
Turn   | Place    | Note
-------+----------+-------------------------------------------
     0 | D:1      | Chaoticas the Draconian Fire Elementalist began the quest for the Orb.
     0 | D:1      | Reached XP level 1. HP: 14/14 MP: 3/3
   229 | D:1      | Reached XP level 2. HP: 20/20 MP: 3/5
   366 | D:1      | Learned a level 2 spell: Throw Flame
   811 | D:2      | Noticed Ijyb
   965 | D:2      | Reached XP level 3. HP: 10/26 MP: 2/6
  1204 | D:1      | Slain by an adder

Action                   || total
-------------------------++-------
Melee: Club              ||    51
       Tailslap          ||     2
       Unarmed           ||     1
 Cast: Flame Tongue      ||    15
       Throw Flame       ||    17
  Use: Scroll            ||     1
  Eat: Bread ration      ||     1
Armor: Skin              ||    25
Dodge: Dodged            ||    53
